AoeStats
← waLLefps.

Arena

507136708Analyzed
4v4 RM · 15d ago on Sep 16, 2026· 44m 39s· 8 players
Game mode
Random Map
Map size
Large (8 player)
Population
200
Speed
Normal
Resources
Standard
Victory
Conquest
Starting age
Dark Age
Ending age
Imperial Age
RankedLock teamsTeams togetherTeam positionsShared explorationLock speedFull tech treeHidden civsTurbo modeCheats
Victory
Defeat
🇹🇷 Inca · Türkiye
1472
+13
🇹🇷 Turks · Türkiye
1472
+13
🇹🇷 Celts · Türkiye
1465
+13
🇹🇼 Spanish · Taiwan
1430
+14
🇹🇷 Malay · Türkiye
1414
-14
🇵🇪 Khmer · Peru
1408
-14
🇩🇪 Cumans · Germany
1391
-13
🇹🇷 Mongols · Türkiye
1364
-12
Hekimoglu
10:25 Feudal Age
11:24 Loom
14:05 Castle Age
12:30 Horse Collar
12:48 Double-Bit Axe
14:03 Bow Saw
15:06 Gold Mining
16:40 Wheelbarrow
19:29 Gold Shaft Mining
19:53 Hand Cart
24:16 Imperial Age
23:33 Fletching
25:07 Chemistry
24:23 Crossbowman
25:04 Bodkin Arrow
25:48 Ballistics
26:10 Town Watch
29:01 Bracer
40:45 Heavy Plow
42:27 Padded Archer Armor
43:18 Conscription
42:37 Arbalester
44:13 Thumb Ring
CTM | KLIN
10:30 Feudal Age
13:19 Castle Age
11:09 Double-Bit Axe
11:07 Horse Collar
14:27 Bow Saw
15:41 Loom
20:44 Gold Mining
20:57 Heavy Plow
22:25 Wheelbarrow
23:36 Hand Cart
24:35 Gold Shaft Mining
23:51 Stone Mining
27:39 Imperial Age
25:59 Stone Shaft Mining
27:45 Heavy Scorpion
28:55 Ballistics
29:36 Chemistry
29:19 Double Crossbow
29:40 Conscription
29:48 Siege Engineers
31:10 Forging
31:06 Scale Barding Armor
31:59 Husbandry
32:10 Bloodlines
31:21 Light Cavalry
34:31 Iron Casting
38:23 Blast Furnace
37:24 Scale Mail Armor
36:51 Pikeman
37:52 Hussar
38:49 Halberdier
41:08 Chain Mail Armor
cmd 2.0
8:26 Feudal Age
9:04 Double-Bit Axe
9:19 Horse Collar
19:55 Castle Age
18:58 Wheelbarrow
19:06 Gold Mining
19:23 Scale Barding Armor
19:30 Bloodlines
20:50 Heavy Plow
21:02 Bow Saw
21:31 Gold Shaft Mining
23:37 Stone Mining
29:21 Imperial Age
28:03 Hand Cart
27:34 Loom
27:34 Town Watch
29:10 Chain Barding Armor
29:01 Forging
29:21 Cavalier
30:38 Plate Barding Armor
31:31 Two-Man Saw
31:50 Iron Casting
30:48 Paladin
32:00 Conscription
32:45 Steppe Husbandry
34:00 Crop Rotation
34:59 Crop Rotation
37:18 Iron Casting
39:45 Light Cavalry
40:06 Pikeman
40:46 Squires
41:50 Blast Furnace
40:50 Scale Mail Armor
?
10:49 Feudal Age
14:41 Castle Age
12:37 Double-Bit Axe
12:34 Horse Collar
15:56 Bow Saw
16:35 Heavy Plow
18:17 Loom
21:03 Gold Mining
21:45 Fletching
22:46 Bodkin Arrow
24:45 Wheelbarrow
26:05 Stone Mining
27:30 Stone Shaft Mining
27:00 Town Watch
27:46 Hand Cart
28:28 Gold Shaft Mining
32:13 Imperial Age
30:05 Padded Archer Armor
30:10 Scale Barding Armor
30:22 Masonry
31:07 Ballistics
31:06 Bloodlines
30:56 Husbandry
31:48 Leather Archer Armor
31:54 Chain Barding Armor
33:00 Thumb Ring
32:23 Elite Mangudai
33:24 Conscription
33:16 Bracer
33:34 Light Cavalry
35:45 Parthian Tactics
34:53 Capped Ram
36:34 Forging
36:17 Siege Ram
39:46 Chemistry
40:12 Murder Holes
klostrofobikköstebek
11:29 Feudal Age
15:17 Castle Age
13:08 Double-Bit Axe
13:14 Horse Collar
16:26 Heavy Plow
17:05 Wheelbarrow
20:01 Loom
25:27 Hand Cart
29:19 Imperial Age
27:14 Padded Archer Armor
27:04 Fletching
27:47 Bow Saw
28:58 Leather Archer Armor
28:39 Bodkin Arrow
31:09 Two-Man Saw
30:00 Gold Mining
30:06 Stone Mining
30:10 Elite Janissary
31:28 Conscription
32:23 Forging
32:47 Ring Archer Armor
32:44 Husbandry
33:22 Gold Shaft Mining
33:12 Bracer
33:29 Scale Barding Armor
34:28 Iron Casting
34:37 Chain Barding Armor
34:29 Bloodlines
34:33 Heavy Camel Rider
36:18 Plate Barding Armor
37:54 Blast Furnace
39:49 Artillery
waLLefps.
1:02 Loom
11:46 Feudal Age
13:06 Double-Bit Axe
15:40 Castle Age
13:32 Horse Collar
14:52 Scale Mail Armor
15:03 Forging
15:30 Champi Runner
16:25 Squires
16:10 Arson
16:42 Chain Mail Armor
16:56 Bow Saw
18:04 Heavy Plow
18:08 Champi Warrior
19:36 Wheelbarrow
20:45 Iron Casting
25:15 Loom
34:32 Imperial Age
32:35 Gold Mining
34:45 Elite Champi Warrior
35:09 Capped Ram
37:51 Hand Cart
37:54 Siege Ram
39:33 Siege Engineers
42:21 Fabric Shields
Tameryig1t
10:40 Feudal Age
15:19 Castle Age
13:33 Double-Bit Axe
14:37 Loom
15:27 Wheelbarrow
15:18 Forging
15:08 Scale Mail Armor
15:16 Scale Mail Armor
15:18 Horse Collar
17:37 Bow Saw
26:14 Heavy Plow
26:04 Gold Mining
26:06 Stone Mining
32:05 Imperial Age
31:43 Fletching
32:18 Padded Archer Armor
33:16 Hand Cart
32:46 Town Watch
33:44 Conscription
35:08 Chemistry
35:19 Bodkin Arrow
35:25 Heavy Scorpion
36:26 Arson
36:01 Pikeman
36:27 Gambesons
40:10 Leather Archer Armor
40:11 Chain Mail Armor
41:31 Furor Celtica
41:42 Capped Ram
ss839059
10:43 Feudal Age
11:51 Double-Bit Axe
14:26 Castle Age
12:38 Horse Collar
15:42 Bow Saw
16:23 Wheelbarrow
28:14 Imperial Age
25:59 Loom
26:29 Hand Cart
26:58 Scale Barding Armor
27:03 Forging
27:08 Heavy Plow
26:59 Gold Mining
27:00 Stone Mining
27:26 Bloodlines
27:39 Husbandry
29:06 Chain Barding Armor
29:23 Iron Casting
28:41 Cavalier
31:55 Plate Barding Armor
32:21 Blast Furnace
32:51 Chemistry
32:38 Paladin
34:51 Conscription
34:45 Caravan
41:17 Supremacy
Connection lost

Rejoining the realm…

Still unreachable

The connection could not be restored.

Session expired

The server has moved on; the page needs a fresh start.